 Dungeon Crawl Stone Soup version 0.30-a0-629-gd54f4be4f7 (webtiles) character file.

Game seed: 11045165643872972444

4746 kae the Transmogrifier (level 10, -2/78 HPs)
             Began as a Demonspawn Transmuter on Jan 12, 2023.
             Was an Initiate of Ru.
             Slain by Gastronok (32 damage)
             ... on level 8 of the Dungeon.
             The game lasted 00:10:41 (9910 turns).

kae the Transmogrifier (Demonspawn Transmuter)      Turns: 9910, Time: 00:10:41

Health: -2/78      AC:  7    Str: 12    XL:     10   Next: 22%
Magic:  8/19       EV: 10    Int: 18    God:    Ru [......]
Gold:   1200       SH:  9    Dex: 13    Spells: 12/22 levels left

rFire   x . .      SeeInvis .      - Unarmed
rCold   + + +      Faith    .    (shield currently unavailable)
rNeg    + . .      Spirit   .    (body armour currently unavailable)
rPois   +          Reflect  +    (helmet currently unavailable)
rElec   .          Harm     .    (cloak currently unavailable)
rCorr   .          Rampage  .    (gloves currently unavailable)
Will    .....                    (boots currently unavailable) Stlth
                                 t - amulet of reflection
HPRegen 0.33/turn                N - ring of positive energy
MPRegen 0.16/turn                (no ring)

@: ice-form, very slightly contaminated, slowed, very slow
A: freezing attack, amphibious, boosted hp, large, (hooves 2), (icy blue scales
1), demonic guardian 1, no stealth, condensation shield
a: End Transformation, Renounce Religion


You were on level 8 of the Dungeon.
You worshipped Ru.
Ru was noncommittal.
You were a creature of crystalline ice.
You visited 2 branches of the dungeon, and saw 9 of its levels.
You also visited: Sewer.

You collected 1200 gold pieces.


Innate Abilities, Weirdness & Mutations

You are a creature of crystalline ice.
You have a powerful freezing melee attack.
You are amphibious.
Your maximum health is increased.
Your armour is entirely melded.
You are incapable of wielding weapons or throwing items.
((You have hoof-like feet.))
((You are partially covered in icy blue scales. (AC +2)))
A weak demonic guardian rushes to your aid.
You cannot be stealthy.
A meltable shield of frost defends you. (SH +4)


   Skills:
 - Level 1.0 Fighting
 - Level 1.7 Dodging
 + Level 6.8 Unarmed Combat
 + Level 6.5 Spellcasting
 * Level 9.1 Transmutations
 * Level 0.0 Ice Magic
 - Level 6.1 Poison Magic


You had 12 spell levels left.
You knew the following spells:

 Your Spells              Type           Power      Damage    Failure   Level
a - Beastly Appendage     Tmut           76%        N/A       1%          1
b - Wereblood             Tmut           38%        N/A       1%          2
c - Spider Form           Tmut/Pois      33%        N/A       1%          3
d - Ice Form              Ice/Tmut       22%        N/A       17%         4

Your spell library contained the following spells:

 Spells                   Type           Power      Damage    Failure   Level
 Passwall                 Tmut/Erth      18%        N/A       2%          2
 Ignite Poison            Fire/Tmut/Pois 24%        N/A       4%          3
 Sandblast                Erth           10%        2d5       12%         1
 Kindle Blastsparks       Fire/Tloc/Air  10%        2d10      34%         3
 Stone Arrow              Conj/Erth      10%        3d7       34%         3
 Freezing Cloud           Conj/Ice/Air   2%         6-21      97%         5

Inventory:

Missiles
 d - 50 stones
 j - 22 poisoned darts
 m - 11 boomerangs
 x - a javelin
 y - 2 curare-tipped darts {=f}
 z - 4 atropa-tipped darts
Armour
 a - a +1 robe (melded)
Jewellery
 t - an amulet of reflection (around neck)
   (You found it on level 6 of the Dungeon)
 F - a ring of fire
   (You found it on level 5 of the Dungeon)
 N - a ring of positive energy (left front paw)
   (You found it on level 1 of the Dungeon)
Wands
 k - a wand of paralysis (14)
   (You found it in a sewer)
 A - a wand of polymorph (7)
   (You found it on level 8 of the Dungeon)
Scrolls
 e - 2 scrolls of enchant weapon
 i - 3 scrolls of fear
 p - a scroll of immolation {!r!r}
 q - a scroll of silence {!r}
 v - a scroll of magic mapping {!r}
 w - a scroll of identify {@r1}
 B - a scroll of poison {!r}
 C - a scroll of noise {unknown}
Potions
 b - 2 potions of lignification {!q}
 c - 4 potions of flight
 f - a potion of invisibility
 g - a potion of resistance {unknown}
 h - 5 potions of heal wounds {@q2}
 l - 4 potions of curing {@q1}
 n - 2 potions of degeneration {!q}
 o - a potion of might {unknown}
 r - a potion of mutation {unknown}
 s - a potion of haste {unknown}
 u - a potion of ambrosia {unknown}

Dungeon Overview and Level Annotations

Branches:
Dungeon (8/15) Zot: 25250  Temple (1/1) D:5 Zot: 5869   Sewer (visited)
   Lair: D:8-11

Altars:
Ashenzari
Cheibriados
Fedhas
Gozag
Hepliaklqana
Kikubaaqudgha
Makhleb
Nemelex Xobeh
Qazlal
Ru
Trog
Uskayaw
Vehumet
Wu Jian
Xom
Yredelemnul

Shops:
D:8 (

Annotations:
D:1 1 runed translucent door
D:8 Gastronok

##.#.#### ##.###.### ##.......##
##....######..#.#...###.........#
.............#.8.#....'.........+
##>...#####...#.#..####.........#
##.....# ###.###.## ##.......##
#.....# ##....# ##.....## #..>..#
###..# ##...## #.....# #5##
######'## #.....# #Y# #......#
##.#### #w# #.###..# #.# #.#
#..## #.# #.#####.###...#### #.#
#.........w..<.... ####.#
#######.#.#...#.## .....#
......##.# ###### ###.#### # #.


You could see Gastronok (ally target) and a friendly white imp (summoned).


Message History

d - 50 stones (gained 6) Key pressed, stopping explore.
A two-headed ogre comes into view. It is wielding two +0 giant clubs.
The two-headed ogre shouts in stereo!
Okay, then.
Casting: Spider Form (safe; 1% risk of failure)
Confirm with . or Enter, or press ? or * to list all spells.
You turn into a creature of crystalline ice.
Your +1 robe melds into your body. 😎 HP[+13] MP[-4]
You now have 78 max hp (+13).
Your hp is fully restored (78).
You lost 4 mp, and now have 15/19 mp.
A two-headed ogre is nearby!
You punch the two-headed ogre! You freeze the two-headed ogre.
The two-headed ogre hits you with a +0 giant club! x2
You punch the two-headed ogre!
You freeze the two-headed ogre. 😮 HP[-21]
You take 21 damage, and now have 57/78 hp.
MASSIVE DAMAGE!! (PAUSE)
You punch the two-headed ogre! You freeze the two-headed ogre.
The two-headed ogre hits you with a +0 giant club!
The two-headed ogre barely misses you. 😮 HP[-14]
You take 14 damage, and now have 43/78 hp.
Unknown command.
You punch the two-headed ogre! You freeze the two-headed ogre.
You kill the two-headed ogre!
Your Transmutations skill increases to level 9! 😮 HP[+1] MP[+1]
Things that are here:
a +0 giant club; a +0 giant club You start resting. 😮 HP[+6] MP[+3]
You regained 6 hp, and now have 50/78 hp.
Your mp is fully restored (19).
Unknown command.
Your transformation is almost over.
You warm up again.
Your +1 robe unmelds from your body.
Key pressed, stopping explore.
Key pressed, stopping explore.
Unknown command. 😎 HP[+15]
You now have 65 max hp (-13).
Your hp is fully restored (65).
You open the door.
There is an open door here.
There is an open door here.
You see here a +0 dagger.
Things that are here:
a +1 morningstar of flaming; a +0 scale mail
Things that are here:
a +0 dagger; a +0 robe Key pressed, stopping explore.
Key pressed, stopping explore.
There is an open door here.
There is an open door here.
Things that are here:
a +0 whip; a +0 dagger; a +0 whip You see here a +0 short sword.
Gastronok gurgles horribly!
Gastronok is nearby!
Gastronok is nearby!
Unknown command.
Gastronok is nearby!
Gastronok is nearby!
Gastronok is nearby!
Casting: Ice Form (dangerous; 17% risk of failure)
Confirm with . or Enter, or press ? or * to list all spells.
You miscast Ice Form.
You are very lightly contaminated with residual magic.
Nothing appears to happen.
Gastronok casts a spell at you.
You feel yourself slow down. 😎 MP[-4]
You lost 4 mp, and now have 15/19 mp.
Casting: Ice Form (dangerous; 17% risk of failure)
Confirm with . or Enter, or press ? or * to list all spells.
You miscast Ice Form.
Nothing appears to happen. 😎 MP[-4]
You lost 4 mp, and now have 11/19 mp.
Casting: Ice Form (dangerous; 17% risk of failure)
Confirm with . or Enter, or press ? or * to list all spells.
You turn into a creature of crystalline ice.
Your +1 robe melds into your body.
Gastronok waves his eye-stalks in wide circles.
The air twists around and strikes you! 😕 HP[-3] MP[-4]
You now have 78 max hp (+13).
You lost 4 mp, and now have 7/19 mp.
Gastronok waves his eye-stalks in wide circles.
The air twists around and strikes you!!
* * * LOW HITPOINT WARNING * * *
A demonic guardian appears! 😨 HP[-33] MP[+1]
You take 33 damage, and now have 29/78 hp.
MASSIVE DAMAGE!! (PAUSE)
You block Gastronok's attack. 😨 HP[+1]
You punch Gastronok! You freeze Gastronok. Gastronok bites you!!
You die...

Skill      XL: |  1  2  3  4  5  6  7  8  9 10 |
---------------+-------------------------------+-----
Transmutations | 2 3 4 5 7 8 9 |  9.1
Unarmed Combat | 3 4 5 6 |  6.8
Spellcasting   | 3 4 5 6 |  6.5
Poison Magic   | 1 3 4 6 |  6.1
Fighting       | |  1.0
Dodging        | |  1.7

Action                   |  1- 3 |  4- 6 |  7- 9 | 10-12 || total
-------------------------+-------+-------+-------+-------++-------
Melee: Unarmed           |    76 |   204 |   299 |    28 ||   607
       Headbutt          |    12 |     7 |       |       ||    19
       Kick              |    13 |    10 |       |       ||    23
 Cast: Beastly Appendage |    19 |    16 |       |       ||    35
       Spider Form       |     3 |    17 |    20 |     1 ||    41
       Ice Form          |       |     5 |    14 |     2 ||    21
       Wereblood         |       |     2 |     6 |       ||     8
Invok: Sacrifice Stealth |       |       |     1 |       ||     1
  Use: Scroll            |     5 |     7 |     4 |       ||    16
       Potion            |       |     1 |     2 |       ||     3
 Stab: Sleeping          |     1 |     1 |       |       ||     2
       Distracted        |       |       |     1 |       ||     1
Armor: Robe              |    10 |     6 |     1 |       ||    17
       Skin              |       |    14 |    36 |     3 ||    53
Dodge: Dodged            |    45 |   108 |   146 |    14 ||   313
Block: Other             |    14 |    27 |    79 |    12 ||   132
       Reflection        |       |       |     2 |     1 ||     3

Levels and vault maps discovered:
D:1:      dpeg_arrival_caged_fury, layout_loops_corners
D:2:      layout_loops_ring
D:3:      layout_rooms, nemelex_altar_shiori, gup_sewer_entry_bowl
D:4:      layout_basic, uniq_pikel
D:5:      layout_loops_ring, nicolae_wu_jian_wuxing_cycle,
          minmay_temple_entry_ruins, nrook_mini_backslash
D:6:      layout_loops_ring, uniq_eustachio
D:7:      layout_loops_corners, tso_altar, tgw_trog, nicolae_ru_awakened_eye,
          serial_co_window_serial, co_window_corner_a, co_window_paths_a,
          co_window_paths_b, co_window_paths_a, co_window_paths_b,
          co_window_cross_2, co_window_corner_cb, co_window_2corner,
          co_window_corner_b, co_window_of_opportunity_c, co_window_2corner,
          co_window_corner_cb, co_window_paths_d, co_window_paths_e,
          glass_columns_b, glass_columns_a, uniq_duvessa
D:8:      layout_loops_corners, grunt_decor_one_mirror,
          nicolae_shop_firing_range, uniq_gastronok, uniq_grum, uniq_maggie
Temple:   compressed_dpeg_circular_temple

Notes
Turn   | Place    | Note
-------+----------+-------------------------------------------
     0 | D:1      | kae the Demonspawn Transmuter began the quest for the Orb.
     0 | D:1      | Reached XP level 1. HP: 15/15 MP: 3/3
     0 | D:1      | magus.rc [v1.11.3]
     1 | D:1      | Found a runed translucent door.
   107 | D:1      | Reached skill level 2 in Transmutations
   115 | D:1      | Gained mutation: A meltable shield of frost defends you.
                  | (SH +4) [demonic ancestry]
   115 | D:1      | Reached XP level 2. HP: 19/21 MP: 3/5
   535 | D:1      | Reached skill level 3 in Unarmed Combat
   539 | D:1      | You pick up a book of Geomancy and begin reading...
   539 | D:1      | You add the spells Sandblast, Passwall and Stone Arrow to
                  | your library.
   764 | D:1      | Reached XP level 3. HP: 25/26 MP: 2/6
   767 | D:1      | Learned a level 2 spell: Wereblood
   771 | D:1      | Learned a level 3 spell: Spider Form
  1095 | D:2      | Reached skill level 3 in Transmutations
  1156 | D:2      | Reached XP level 4. HP: 28/32 MP: 3/7
  1894 | D:2      | Gained mutation: A weak demonic guardian rushes to your
                  | aid. [demonic ancestry]
  1894 | D:2      | Reached XP level 5. HP: 17/37 MP: 4/9
  1895 | D:2      | HP: 9/37 [gnoll/+0 spear (8)]
  1897 | D:2      | Reached skill level 3 in Spellcasting
  1897 | D:2      | Reached skill level 1 in Poison Magic
  1969 | D:3      | Found a glowing drain.
  1973 | Sewer    | Entered a sewer
  2239 | D:3      | Identified a scroll of acquirement
  2239 | D:3      | Acquired 768 gold pieces
  2614 | D:3      | Found a sparkling altar of Nemelex Xobeh.
  2729 | D:3      | Learned a level 4 spell: Ice Form
  2809 | D:4      | Reached skill level 4 in Transmutations
  2817 | D:4      | Reached XP level 6. HP: 19/43 MP: 6/10
  3044 | D:4      | HP: 10/43 [lemure[Pikel] (8)]
  3054 | D:4      | HP: 9/43 [dart slug/slug dart (4)]
  3232 | D:4      | HP: 12/51 [lemure[Pikel] (6)]
  3443 | D:4      | You fall into a shaft and drop 1 floor!
  3443 | D:5      | Entered Level 5 of the Dungeon
  3563 | D:5      | Found a staircase to the Ecumenical Temple.
  3600 | Temple   | Entered the Ecumenical Temple
  3840 | D:5      | Reached skill level 4 in Unarmed Combat
  3840 | D:5      | Reached skill level 2 in Poison Magic
  3900 | D:5      | Found an ornate altar of the Wu Jian Council.
  4144 | D:4      | Identified a +2 robe of the Archmagi
  4144 | D:4      | Noticed Pikel
  4169 | D:4      | Killed Pikel
  4170 | D:4      | Reached skill level 4 in Spellcasting
  4170 | D:4      | Reached skill level 5 in Transmutations
  4170 | D:4      | Reached skill level 3 in Poison Magic
  4170 | D:4      | Gained mutation: You have large cloven feet. [demonic
                  | ancestry]
  4170 | D:4      | Reached XP level 7. HP: 40/48 MP: 9/13
  4443 | D:4      | Reached XP level 8. HP: 54/54 MP: 7/14
  5137 | D:6      | Reached skill level 6 in Transmutations
  5359 | D:6      | Reached skill level 5 in Unarmed Combat
  5457 | D:6      | Reached skill level 4 in Poison Magic
  5522 | D:6      | Identified the +2 robe of the Crypt {Slay+2}
  5554 | D:6      | Noticed Eustachio
  5595 | D:6      | Killed Eustachio
  5693 | D:6      | Reached skill level 5 in Spellcasting
  5942 | D:6      | Reached skill level 7 in Transmutations
  6451 | D:7      | You add the spells Kindle Blastsparks, Ignite Poison and
                  | Freezing Cloud to your library.
  6544 | D:7      | Gained mutation: You have hoof-like feet. [demonic
                  | ancestry]
  6544 | D:7      | Reached XP level 9. HP: 49/59 MP: 12/16
  7151 | D:7      | Found a sacrificial altar of Ru.
  7285 | D:7      | Became a worshipper of Ru the Awakened
  7371 | D:7      | Noticed Dowan
  7444 | D:7      | Noticed Duvessa
  7453 | D:7      | Killed Duvessa
  7454 | D:7      | Reached skill level 5 in Poison Magic
  7457 | D:7      | Killed Dowan
  7573 | D:7      | Noticed a moth of wrath
  7580 | D:7      | Found a bloodstained altar of Trog.
  8240 | D:8      | Reached skill level 6 in Unarmed Combat
  8401 | D:8      | Noticed Gastronok
  8401 | D:8      | Gastronok the Ponderous comes into view. He is wearing the
                  | +3 hat of Pondering {ponderous, Will+ MP+10 Int+5}.
  8513 | D:8      | Reached skill level 8 in Transmutations
  8590 | D:8      | Found Epuetimu's Firing Range.
  8597 | D:8      | HP: 13/59 [poisoned by a kobold brigand (curare-tipped
                  | dart)]
  8597 | D:8      | HP: 4/59 [kobold brigand/+0 short sword (9)]
  8998 | D:8      | Reached skill level 6 in Spellcasting
  9082 | D:8      | Noticed Maggie
  9096 | D:8      | Killed Maggie
  9277 | D:8      | Gained mutation: You cannot be stealthy. [Ru sacrifice]
  9334 | D:8      | Noticed Grum
  9344 | D:8      | Reached skill level 6 in Poison Magic
  9356 | D:8      | Killed Grum
  9357 | D:8      | Gained mutation: You are partially covered in icy blue
                  | scales. (AC +2) [demonic ancestry]
  9357 | D:8      | Reached XP level 10. HP: 37/65 MP: 13/19
  9599 | D:8      | Noticed a two-headed ogre
  9605 | D:8      | Killed a two-headed ogre
  9606 | D:8      | Reached skill level 9 in Transmutations
  9910 | D:8      | Slain by Gastronok

Vanquished Creatures
  A two-headed ogre (D:8)
  Pikel (D:4)
  Maggie (D:8)
  Eustachio (D:6)
  A wyvern (D:8)
  Grum (D:8)
  3 yaks (D:8)
  2 steam dragons
  Duvessa (D:7)
  2 ogres (D:6)
  3 wolves (D:8)
  A centaur (D:7)
  A phantom (D:4)
  4 lemures (D:4)
  3 kobold brigands
  2 bullfrogs (D:7)
  2 necrophages
  A scorpion (D:5)
  Dowan (D:7)
  4 killer bees (D:8)
  2 howler monkeys
  A hound (D:6)
  4 jellies
  5 orc priests
  2 iguanas
  6 orc wizards
  A hell rat (Sewer)
  6 gnolls
  A river rat (Sewer)
  8 adders
  2 worms
  A dart slug (D:4)
  39 orcs
  7 ball pythons
  6 endoplasms
  5 giant cockroaches
  6 hobgoblins
  6 jackals (D:1)
  8 quokkas
  2 bats
  3 frilled lizards
  4 goblins
  16 kobolds
  10 rats
187 creatures vanquished.

Vanquished Creatures (collateral kills)
  A jelly (D:6)
  A gnoll (D:3)
2 creatures vanquished.

Grand Total: 189 creatures vanquished

Table legend:
 A = Non-vault XP
 B = Vault XP
 C = Vault XP percentage of total XP
 D = Non-vault monster count
 E = Vault monster count
 F = Vault count percentage of total count
                 A         B        C        D         E       F
            +---------+---------+-------+---------+---------+-------
      Total |    4723 |    2057 |  30.3 |     164 |      21 |  11.4
            +---------+---------+-------+---------+---------+-------
        D:1 |      44 |       0 |   0.0 |      24 |       0 |   0.0
        D:2 |     185 |       0 |   0.0 |      18 |       0 |   0.0
        D:3 |      67 |       4 |   5.6 |      19 |       2 |   9.5
        D:4 |     262 |     641 |  71.0 |      20 |       1 |   4.8
        D:5 |     296 |       0 |   0.0 |      17 |       0 |   0.0
        D:6 |     879 |     197 |  18.3 |      20 |       1 |   4.8
        D:7 |     786 |     231 |  22.7 |      19 |       7 |  26.9
        D:8 |    2204 |     933 |  29.7 |      27 |       5 |  15.6
      Sewer |       0 |      51 | 100.0 |       0 |       5 | 100.0
            +---------+---------+-------+---------+---------+-------

Illustrated notes

Table legend:
 A = Kills in this place as a percentage of kills in entire the game.
 B = Kills by you in this place as a percentage of kills by you in the entire game.
 C = Kills by friends in this place as a percentage of kills by friends in the entire game.
 D = Other kills in this place as a percentage of other kills in the entire game.
 E = Experience gained in this place as a percentage of experience gained in the entire game.
 F = Experience gained in this place divided by the number of levels of this place that you have seen.
                   A       B       C       D       E      F
               +-------+-------+-------+-------+-------+----------------------
         Total | 100.0 | 100.0 | 100.0 |   N/A | 100.0 | 678.0
       Dungeon |  97.3 |  97.3 | 100.0 |   N/A |  99.2 | 841.1
         Sewer |   2.7 |   2.7 |   0.0 |   N/A |   0.8 |  51.0
               +-------+-------+-------+-------+-------+----------------------

Table legend: (Time is in decaauts)
 A = Elapsed time spent in this place.
 B = Non-inter-level travel time spent in this place.
 C = Inter-level travel time spent in this place.
 D = Time resting spent in this place.
 E = Time spent auto-exploring this place.
 F = Levels seen in this place.
 G = Mean time per level.
                   A        B        C        D        E       F      G
               +--------+--------+--------+--------+--------+-----+--------+
         Total |   9888 |   9608 |    280 |    684 |   7264 |  10 |  988.8 |
       Dungeon |   9480 |   9216 |    264 |    668 |   6996 |   8 | 1185.0 |
        Temple |    130 |    115 |     15 |      0 |     73 |   1 |  130.0 |
         Sewer |    277 |    277 |      0 |     16 |    194 |   1 |  277.0 |
               +--------+--------+--------+--------+--------+-----+--------+

Top non-repeatable levels by time:
     D:7: 1886 daAuts
     D:8: 1706 daAuts
     D:6: 1253 daAuts
     D:4: 1020 daAuts
     D:2: 933 daAuts
     D:3: 905 daAuts
     D:1: 903 daAuts
     D:5: 870 daAuts
   Sewer: 277 daAuts
  Temple: 130 daAuts
